 Dungeon Sprint DCSS version 0.30.1-11-g7821555f0a (webtiles) character file.

Game seed: 9438984373861852063

767 Heoruswealwe the Spear-Bearer (level 7, -5/73 HPs)
             Began as a Minotaur Fighter on Dec 15, 2023.
             Was an Initiate of Gozag.
             Slain by a troll (11 damage)
             ... in the Dungeon (Sprint IX: "|||||||||||||||||||||||||||||").
             The game lasted 00:00:57 (121 turns).

Heoruswealwe the Spear-Bearer (Minotaur Fighter)     Turns: 121, Time: 00:00:58

Health: -5/73      AC:  8    Str: 22    XL:     7   Next: 52%
Magic:  6/6        EV: 10    Int:  5    God:    Gozag
Gold:   0          SH:  0    Dex: 10    Spells: 6/6 levels left

rFire   . . .        b - +2 halberd "Trog's Fury" {drain, Fly rC+ rN++}
rCold   + . .        (shield currently unavailable)
rNeg    + + .        c - +0 scale mail
rPois   .            (helmet restricted)
rElec   .            (no cloak)
rCorr   .            (no gloves)
SInv    .            (no boots)
Will    .....        (no amulet) Stlth
                     (no ring)
HPRegen 0.32/turn    (no ring)
MPRegen 0.10/turn

%: no teleportation
@: gold aura, flying
A: horns 2, retaliatory headbutt
a: Renounce Religion, Potion Petition, Call Merchant, Bribe Branch


You were in the Dungeon.
You worshipped Gozag.
Gozag was noncommittal.
You visited 1 branch

Inventory:

Hand Weapons
 a - a +0 trident
 b - the +2 halberd "Trog's Fury" (weapon) {drain, Fly rC+ rN++}
   (You found it in the Dungeon)

   rC:        It protects you from cold.
   rN:        It greatly protects you from negative energy.
   Fly:       It grants you flight.
Armour
 c - a +0 scale mail (worn)
 d - a +0 buckler
Jewellery
 l - a +3 ring of strength
 m - a +2 ring of evasion
Wands
 h - a wand of acid (10)
Scrolls
 j - 2 scrolls of blinking
Potions
 e - 5 potions of curing
 f - 3 potions of heal wounds
 g - a potion of haste
 i - a potion of berserk rage
 k - a potion of might


   Skills:
 + Level 10.6 Fighting
 * Level 14.0 Polearms
 + Level 10.6 Armour
 - Level 3.6 Shields


You had 6 spell levels left.
You didn't know any spells.
Your spell library was empty.

Dungeon Overview and Level Annotations

Branches:
Dungeon (1/1)

Altars:
Cheibriados
Dithmenos
Elyvilon
Fedhas
Gozag
Hepliaklqana
Kikubaaqudgha
Makhleb
Nemelex Xobeh
Okawaru
Qazlal
Ru
Sif Muna
Trog
Uskayaw
Vehumet
Wu Jian
Xom
Yredelemnul
Zin
The Shining One
Jiyva
Lugonu


Innate Abilities, Weirdness & Mutations

You have a pair of horns on your head.
You reflexively headbutt those who attack you in melee.


Message History

The yak gores you but does no damage.
You hit the yak. You drain the yak. You headbutt the yak!
The yak is almost dead.
You slash the yak!
You kill the yak!
Your Fighting skill increases to level 10!
Your Polearms skill increases to level 13!
Your Armour skill increases to level 10!
You have reached level 7!
There is an open door to the Dungeon, spattered with blood here.
You see here 342 gold pieces.
You hit the wyvern.
The wyvern is no longer distracted by gold.
The wyvern is lightly wounded.
The wyvern barely misses you.
You barely miss the wyvern. You headbutt the wyvern!
The wyvern is moderately wounded.
The wyvern barely misses you.
The troll is distracted by your dazzling golden aura.
The wyvern bites you!
* * * LOW HITPOINT WARNING * * *
You barely miss the wyvern. You headbutt the wyvern.
The wyvern is heavily wounded.
The wyvern bites you but does no damage.
You impale the wyvern!!
You kill the wyvern!
Your Polearms skill increases to level 14!
The troll is no longer distracted by gold.
The troll bites you!
* * * LOW HITPOINT WARNING * * *
The troll claws you but does no damage. The troll barely misses you.
You see here 144 gold pieces.
You hit the troll but do no damage. You puncture the troll!
The troll is lightly wounded.
The troll bites you.
* * * LOW HITPOINT WARNING * * *
The troll claws you!
You die...
Your body crumbles into a pile of gold.

$
▓)▓
$
▓.▓
▓[▓
$
▓[▓
▓[▓
$
▓.▓
$
▓.▓
$
▓$▓
▓@▓
$
▓T▓
$
▓W▓
$ $
▓.▓
$
▓.▓
$
▓.▓
▓+▓


You could see a troll and a wraith.

Vanquished Creatures
  A troll (D)
  A yak (D)
  A wyvern (D)
  A black bear (D)
  A scorpion (D)
  A howler monkey (D)
  A jelly (D)
  An iguana (D)
  An adder (D)
  A ball python (D)
  An endoplasm (D)
  2 hobgoblins (D)
  A rat (D)
14 creatures vanquished.

Notes
Turn   | Place    | Note
-------+----------+-------------------------------------------
     0 | D        | Heoruswealwe the Minotaur Fighter began the quest for the
                  | Orb.
     0 | D        | Reached XP level 1. HP: 19/19 MP: 0/0
     6 | D        | Reached skill level 3 in Polearms
    29 | D        | Noticed a scorpion
    29 | D        | Noticed a black bear
    29 | D        | Noticed a jelly
    29 | D        | Noticed an iguana
    33 | D        | Killed a scorpion
    34 | D        | Reached skill level 5 in Fighting
    34 | D        | Reached skill level 6 in Polearms
    34 | D        | Reached skill level 5 in Armour
    34 | D        | Reached XP level 2. HP: 22/30 MP: 1/1
    34 | D        | Reached XP level 3. HP: 28/37 MP: 2/2
    38 | D        | Killed a black bear
    39 | D        | Reached skill level 9 in Polearms
    39 | D        | Reached XP level 4. HP: 32/47 MP: 3/3
    39 | D        | Reached XP level 5. HP: 36/52 MP: 4/4
    48 | D        | Reached skill level 10 in Polearms
    53 | D        | Found a snail-covered altar of Cheibriados.
    53 | D        | Found a shadowy altar of Dithmenos.
    53 | D        | Found a white marble altar of Elyvilon.
    53 | D        | Found a blossoming altar of Fedhas.
    53 | D        | Found an opulent altar of Gozag.
    54 | D        | Found a hazy altar of Hepliaklqana.
    55 | D        | Found a viscous altar of Jiyva.
    56 | D        | Found an ancient bone altar of Kikubaaqudgha.
    57 | D        | Found a corrupted altar of Lugonu.
    58 | D        | Found a burning altar of Makhleb.
    59 | D        | Found a sparkling altar of Nemelex Xobeh.
    60 | D        | Found an iron altar of Okawaru.
    61 | D        | Became a worshipper of Gozag Ym Sagoz the Greedy
    62 | D        | Found a stormy altar of Qazlal.
    63 | D        | Found a sacrificial altar of Ru.
    64 | D        | Found a shimmering blue altar of Sif Muna.
    65 | D        | Found a bloodstained altar of Trog.
    66 | D        | Found a hide-covered altar of Uskayaw.
    67 | D        | Found a radiant altar of Vehumet.
    68 | D        | Found an ornate altar of the Wu Jian Council.
    69 | D        | Found a shimmering altar of Xom.
    70 | D        | Found a basalt altar of Yredelemnul.
    71 | D        | Found a glowing silver altar of Zin.
    72 | D        | Found a glowing golden altar of the Shining One.
    88 | D        | Got the +2 halberd "Trog's Fury" {drain, Fly rC+ rN++}
   103 | D        | Noticed a troll
   103 | D        | Noticed a yak
   103 | D        | Noticed a wyvern
   103 | D        | Noticed a troll
   103 | D        | Noticed a wraith
   109 | D        | Killed a troll
   110 | D        | Reached skill level 12 in Polearms
   110 | D        | Reached XP level 6. HP: 22/64 MP: 5/5
   113 | D        | Killed a yak
   114 | D        | Reached skill level 10 in Fighting
   114 | D        | Reached skill level 13 in Polearms
   114 | D        | Reached skill level 10 in Armour
   114 | D        | Reached XP level 7. HP: 24/72 MP: 6/6
   118 | D        | Killed a wyvern
   119 | D        | Reached skill level 14 in Polearms
   121 | D        | Slain by a troll

Illustrated notes

Levels and vault maps discovered:
D:        linesprint [early_d, line_temple, items_1, d_10, items_2, lair_1,
          lair_end, items_3, orc_1, orc_end, items_4, d_15, swamp_1, shoals_1,
          snake_1, spider_1, d_20, vaults_1, items_5, swamp_end, shoals_end,
          snake_end, spider_end, vaults_end, d_27, items_6, zot_1, zot_end,
          crypt_end, forest_end, elf_end, slime_end, tomb_end, abyss_end,
          pan_hell_end]

Skill      XL: |  1  2  3  4  5  6  7 |
---------------+----------------------+-----
Polearms       | 6 9 12 13 14 | 14.0
Fighting       | 5 7 9 10 | 10.6
Armour         | 5 7 9 10 | 10.6
Shields        | |  3.6

Action                     |  1- 3 |  4- 6 |  7- 9 || total
---------------------------+-------+-------+-------++-------
  Melee: Trident           |    17 |     8 |       ||    25
         Headbutt          |     6 |     4 |     2 ||    12
         Halberd           |       |    10 |     6 ||    16
 Armour: Scale mail        |    10 |     4 |     2 ||    16
  Dodge: Dodged            |     6 |     7 |     3 ||    16
  Block: Buckler           |     2 |     2 |       ||     4
